 Dungeon Crawl Stone Soup version 0.31.0 (webtiles) character file.

Game seed: 8612918110355937449

72657 ssalbiz the Severer (level 15, -9/138 HPs)
             Began as a Minotaur Berserker on Jan 20, 2024.
             Was the Champion of Trog.
             Mangled by Donald
             ... wielding a +1 broad axe of electrocution
              (19 damage)
             ... on level 2 of the Orcish Mines.
             The game lasted 00:45:42 (20410 turns).

ssalbiz the Severer (Minotaur Berserker)           Turns: 20410, Time: 00:45:44

Health: -9/138     AC: 23    Str: 28    XL:     15   Next: 1%
Magic:  14/14      EV: 17    Int:  4    God:    Trog [******]
Gold:   1525       SH:  9    Dex: 11    Spells: 14/14 levels left

rFire   + . .        t - +3 broad axe
rCold   . . .        Z - +2 buckler
rNeg    . . .        S - +2 plate armour {rF+}
rPois   .            p - +1 hat
rElec   .            (no cloak)
rCorr   .            (no gloves)
SInv    .            (no boots)
Will    +++..        N - amulet of regeneration Stlth
                     Q - +4 ring of protection
HPRegen 2.23/turn    U - +5 ring of evasion
MPRegen 0.14/turn

%: no passive effects
@: strong-willed, regenerating
A: horns 2, retaliatory headbutt
a: Renounce Religion, Berserk, Trog's Hand, Brothers in Arms


You were on level 2 of the Orcish Mines.
You worshipped Trog.
Trog was exalted by your worship.
You visited 4 branches of the dungeon, and saw 21 of its levels.

You collected 2075 gold pieces.
You spent 550 gold pieces at shops.

Inventory:

Hand Weapons
 s - a +2 war axe of flaming
 t - a +3 broad axe (weapon)
Missiles
 w - 2 throwing nets
 A - 13 javelins
 I - 38 poisoned darts (quivered)
 O - a curare-tipped dart
Armour
 p - a +1 hat (worn)
 S - a +2 plate armour of fire resistance (worn)
 Z - a +2 buckler (worn)
Jewellery
 u - a ring of willpower
 N - an amulet of regeneration (around neck)
 Q - a +4 ring of protection (left hand)
 U - a +5 ring of evasion (right hand)
Wands
 x - a wand of charming (34)
 z - a wand of digging (9)
 C - a wand of light (16)
 D - a wand of iceblast (20)
 H - a wand of polymorph (15)
 J - a wand of mindburst (4)
 K - a wand of flame (19)
Scrolls
 a - 4 scrolls of teleportation
 c - a scroll of silence
 d - 2 scrolls of poison {unknown}
 e - 3 scrolls of enchant weapon
 g - a scroll of revelation
 i - a scroll of torment
 j - 2 scrolls of summoning
 k - 4 scrolls of immolation {unknown}
 m - 2 scrolls of fog {unknown}
 q - 3 scrolls of noise {unknown}
 v - 3 scrolls of vulnerability
 y - 3 scrolls of fear
 F - 4 scrolls of blinking {unknown}
 W - a scroll of enchant armour {unknown}
Potions
 b - a potion of lignification
 f - 4 potions of enlightenment
 h - 2 potions of ambrosia
 n - a potion of mutation
 r - 3 potions of cancellation
 B - 2 potions of heal wounds
 E - 3 potions of curing
 G - 2 potions of attraction
 L - a potion of might
 M - 2 potions of haste
 P - 2 potions of invisibility
 T - a potion of resistance
Miscellaneous
 R - a sack of spiders


   Skills:
 + Level 14.3 Fighting
 - Level 18.0 Axes
 + Level 13.9 Armour
 + Level 12.8 Dodging
 + Level 12.7 Shields


You had 14 spell levels left.
You didn't know any spells.
Your spell library was empty.

Dungeon Overview and Level Annotations

Branches:
Dungeon (13/15)            Temple (1/1) D:4            Lair (5/5) D:9
  Swamp (0/4) Lair:2        Snake (0/4) Lair:2        Slime (0/5) Lair:5
    Orc (2/2) D:10            Elf (0/3) Orc:2
 Vaults: D:13-14

Altars:
Ashenzari
Cheibriados
Dithmenos
Elyvilon
Fedhas
Gozag
Hepliaklqana
Kikubaaqudgha
Makhleb
Nemelex Xobeh
Okawaru
Qazlal
Ru
Sif Muna
Trog
Uskayaw
Vehumet
Wu Jian
Xom
Yredelemnul
Zin
The Shining One

Shops:
D:2 =   D:5 *   D:8 :   D:9 *   D:10 *   Orc:2 =??=:

Annotations:
D:4 1 runed translucent door, Crazy Yiuf
D:9 3 runed translucent doors, exclusion: obsidian statue, Gingerlord's ghost, novice GrGl
Lair:2 1 runed translucent door
Lair:5 3 runed translucent doors, exclusion: 2 oklob plants, Qeimiotua's ghost, journeyman MiFi
Orc:2 2 transporters, Donald; babelphish's ghost, adept MiBe


Innate Abilities, Weirdness & Mutations

You have a pair of horns on your head.
You reflexively headbutt those who attack you in melee.


Message History

Unknown command.
You slash Donald! You headbutt Donald.
Donald is almost dead.
Donald says, "I wonder if there's an end to this place."
You block Donald's attack.
Unknown command.
Donald blocks your attack.
You headbutt Donald!
Donald is almost dead.
Donald hits you with a +1 broad axe of electrocution!!
Unknown command.
You hit Donald but do no damage. Donald blocks your attack.
Donald is almost dead.
Donald hits you with a +1 broad axe of electrocution!
Unknown command.
Donald blocks your attack.
Donald is almost dead.
Donald misses you.
Unknown command.
Donald blocks your attack.
You headbutt Donald, but do no damage.
Donald is almost dead.
You block Donald's attack.
Unknown command.
Donald blocks your attack.
Your headbutt misses Donald.
Donald is almost dead.
Donald hits you with a +1 broad axe of electrocution!!!
You are too injured to fight recklessly!
You are too injured to fight recklessly!
Your skin crawls.
You feel strong-willed.
Donald says, "I prefer the Lair of the Beasts, to be honest.
At least animals don't complain."
Donald hits you with a +1 broad axe of electrocution!!
* * * LOW HITPOINT WARNING * * *
Your troll goes berserk!
You block Donald's attack.
Donald hits your troll with a +1 broad axe of electrocution!!
Donald hits you with a +1 broad axe of electrocution!
* * * LOW HITPOINT WARNING * * *
You are electrocuted!!
You die...
Donald says, "Well, maybe you weren't so bad after all."

##.....# ......##
....##### ........##
.........# ........##
......##############
...................##
................@...#
........#########@T.#
.......##...OCOW##K.#
.......#8.#.Oo#.8#...#
.......#...#o#...#....#
.......#.........#...#.#
......©#....©...!#©.....
.......#........?#.....
)......#...


You could see Donald (fast, strong, ally target, reflecting), an orc knight, a
two-headed ogre, a cyclops, a kobold blastminer, an orc warrior, 2 ogres,
babelphish's ghost and a friendly troll (summoned, berserk).

Vanquished Creatures
  Nessos (Lair:4)
  Fannar (Orc:1)
  3 hydras
  2 catoblepae
  2 ogre magi (Orc:2)
  12 two-headed ogres
  2 boulder beetles
  Nergalle (D:12)
  A skyshark (Lair:2)
  2 deep trolls (Orc:2)
  4 orc knights (Orc:1)
  2 manticores (D:12)
  An orc sorcerer (Orc:1)
  An ugly thing (D:12)
  4 cyclopes
  3 meliai (D:13)
  9 black mambas
  18 elephants
  Joseph (D:7)
  A gargoyle (D:12)
  11 cane toads
  An unseen horror (D:10)
  2 kobold demonologists
  3 rime drakes
  10 komodo dragons
  Psyche (D:8)
  5 polar bears
  11 trolls
  5 hornets
  2 dream sheep (Lair:5)
  10 blink frogs
  15 spriggans (Lair:5)
  4 slime creatures (D:13)
  A shadow (D:11)
  A vampire (D:11)
  3 wyverns
  60 yaks
  7 basilisks
  A wraith (D:11)
  2 wargs (Orc:2)
  3 steam dragons
  Menkaure (D:6)
  Edmund (D:4)
  20 water moccasins
  16 orc warriors
  2 sky beasts
  7 black bears
  20 ogres
  4 boggarts (Lair:5)
  30 wolves
  2 centaurs
  Blork the orc (D:6)
  2 kobold brigands
  11 bullfrogs
  5 scorpions
  4 gnoll sergeants
  7 wights
  A killer bee (D:9)
  9 electric eels
  6 howler monkeys
  2 bombardier beetles
  4 hounds
  A gnoll bouda (D:6)
  15 orc priests
  2 iguanas (D:5)
  3 sleepcaps
  12 orc wizards
  4 hell rats (Lair:5)
  4 adders
  18 gnolls
  2 shadow imps (D:7)
  A dart slug (D:2)
  3 ribbon worms
  59 orcs
  5 bats
  10 endoplasms
  2 giant cockroaches
  6 goblins
  13 hobgoblins
  2 jackals (D:3)
  11 ball pythons
  4 frilled lizards
  18 kobolds
  6 rats
585 creatures vanquished.

Vanquished Creatures (collateral kills)
  A gnoll (D:6)
1 creature vanquished.

Vanquished Creatures (others)
  An orc (Orc:1)
1 creature vanquished.

Grand Total: 587 creatures vanquished

Notes
Turn   | Place    | Note
-------+----------+-------------------------------------------
     0 | D:1      | ssalbiz the Minotaur Berserker began the quest for the Orb.
     0 | D:1      | Reached XP level 1. HP: 19/19 MP: 0/0
    59 | D:1      | Reached skill level 4 in Axes
   179 | D:1      | Reached XP level 2. HP: 26/26 MP: 1/1
   385 | D:1      | Reached skill level 5 in Axes
   644 | D:2      | Reached XP level 3. HP: 24/31 MP: 2/2
   806 | D:2      | You fall into a shaft and drop 1 floor!
   855 | D:3      | Reached skill level 6 in Axes
   855 | D:3      | Reached XP level 4. HP: 31/39 MP: 3/3
   889 | D:3      | Reached ** piety under Trog
  1031 | D:2      | Found a faded altar of an unknown god.
  1438 | D:2      | Found Oblig's One-of-a-Kind Rings.
  1743 | D:3      | Found a hide-covered altar of Uskayaw.
  1779 | D:3      | Reached XP level 5. HP: 24/45 MP: 4/4
  1783 | D:3      | Reached skill level 7 in Axes
  2276 | D:4      | Found a runed translucent door.
  2277 | D:4      | Noticed Crazy Yiuf
  2343 | D:4      | Noticed Edmund
  2460 | D:4      | Reached *** piety under Trog
  2545 | D:4      | Reached skill level 8 in Axes
  2568 | D:4      | Found a staircase to the Ecumenical Temple.
  2766 | D:4      | Reached XP level 6. HP: 33/51 MP: 5/5
  2768 | Temple   | Entered the Ecumenical Temple
  2838 | D:4      | Killed Edmund
  2839 | D:4      | Reached skill level 9 in Axes
  3339 | D:5      | Entered Level 5 of the Dungeon
  3593 | D:5      | Reached XP level 7. HP: 47/57 MP: 6/6
  3663 | D:5      | Reached skill level 10 in Axes
  3867 | D:5      | Found a shadowy altar of Dithmenos.
  4066 | D:5      | Found Ivooheb's Assorted Antiques.
  4115 | D:6      | Noticed Menkaure
  4118 | D:6      | Reached skill level 11 in Axes
  4257 | D:6      | Killed Menkaure
  4273 | D:6      | Noticed a wyvern
  4285 | D:5      | Reached XP level 8. HP: 19/64 MP: 7/7
  4451 | D:5      | Reached skill level 12 in Axes
  4737 | D:6      | Reached skill level 13 in Axes
  5014 | D:6      | Noticed Blork the orc
  5022 | D:6      | Killed Blork the orc
  5880 | D:7      | Reached skill level 14 in Axes
  6418 | D:7      | Reached XP level 9. HP: 70/70 MP: 8/8
  6525 | D:7      | Noticed Joseph
  6804 | D:7      | Reached **** piety under Trog
  6963 | D:8      | Reached skill level 15 in Axes
  6964 | D:8      | Found Wuodeibra's Book Emporium.
  7175 | D:8      | Reached skill level 16 in Axes
  7464 | D:8      | Reached skill level 5 in Fighting
  7468 | D:8      | Reached XP level 10. HP: 57/81 MP: 9/9
  7679 | D:8      | Reached skill level 5 in Armour
  7767 | D:8      | Noticed Psyche
  7769 | D:8      | Killed Psyche
  8060 | D:9      | Found a runed translucent gate.
  8061 | D:9      | Found a runed translucent gate.
  8061 | D:9      | Found an opulent altar of Gozag.
  8062 | D:9      | Found a runed translucent gate.
  8063 | D:9      | Noticed an obsidian statue
  8064 | D:9      | Noticed Gingerlord's ghost (novice GrGl)
  8064 | D:9      | Noticed a two-headed ogre
  8065 | D:9      | Noticed a centaur warrior
  8066 | D:9      | Found Ycorrosme's Assorted Antiques.
  8133 | D:9      | Reached skill level 5 in Dodging
  9247 | D:9      | Found a staircase to the Lair.
  9669 | D:10     | Entered Level 10 of the Dungeon
  9732 | D:10     | Noticed a two-headed ogre
  9737 | D:10     | Killed a two-headed ogre
  9873 | D:10     | Found a stormy altar of Qazlal.
  9886 | D:10     | Found a blossoming altar of Fedhas.
  9895 | D:10     | Reached ***** piety under Trog
  9933 | D:10     | Found an opulent altar of Gozag.
  9936 | D:10     | Found Gozag's Platinum Reserve.
 10084 | D:10     | Noticed a two-headed ogre
 10091 | D:10     | Killed a two-headed ogre
 10092 | D:10     | Reached XP level 11. HP: 89/95 MP: 10/10
 10108 | D:10     | Found a glowing golden altar of the Shining One.
 10110 | D:10     | Found a glowing silver altar of Zin.
 10442 | D:10     | Found a staircase to the Orcish Mines.
 11145 | D:7      | Killed Joseph
 11146 | D:7      | Reached skill level 1 in Shields
 11539 | D:11     | Found a hazy altar of Hepliaklqana.
 11855 | D:11     | Noticed a catoblepas
 11881 | D:11     | Killed a catoblepas
 12130 | D:12     | Noticed a red ugly thing
 12144 | D:12     | Killed a green ugly thing
 12495 | D:12     | Noticed a boulder beetle
 12510 | D:12     | Killed a boulder beetle
 12511 | D:12     | Reached skill level 10 in Fighting
 12511 | D:12     | Reached skill level 5 in Shields
 12553 | D:12     | Noticed a two-headed ogre
 12559 | D:12     | Noticed a two-headed ogre
 12561 | D:12     | Killed a two-headed ogre
 12569 | D:12     | Killed a two-headed ogre
 12643 | D:12     | Reached XP level 12. HP: 106/106 MP: 11/11
 12657 | D:12     | Noticed Nergalle
 12667 | D:12     | Killed Nergalle
 13064 | D:13     | Reached skill level 10 in Armour
 13120 | D:13     | Noticed a boulder beetle
 13157 | D:13     | Killed a boulder beetle
 13246 | Lair:1   | Entered Level 1 of the Lair of Beasts
 13404 | Lair:1   | Received a gift from Trog
 13923 | Lair:1   | Reached skill level 10 in Dodging
 14042 | Lair:2   | Found a staircase to the Snake Pit.
 14098 | Lair:2   | Paralysed by a hornet for 3 turns
 14100 | Lair:2   | Noticed a catoblepas
 14110 | Lair:2   | Killed a catoblepas
 14220 | Lair:2   | Noticed a four-headed hydra
 14227 | Lair:2   | Killed a one-headed hydra
 14251 | Lair:2   | Reached XP level 13. HP: 106/117 MP: 12/12
 14254 | Lair:2   | Identified the +2 ring mail of Absolutism {rPois Str-2
                  | Int+2 SInv}
 14291 | Lair:2   | Found a staircase to the Swamp.
 15230 | Lair:2   | Found a runed translucent door.
 16356 | Lair:4   | Noticed Nessos
 16370 | Lair:4   | Killed Nessos
 16401 | Lair:4   | Reached skill level 17 in Axes
 16722 | Lair:4   | Found a glowing silver altar of Zin.
 16925 | Lair:5   | Entered Level 5 of the Lair of Beasts
 17021 | Lair:5   | Received a gift from Trog
 17022 | Lair:5   | Reached skill level 10 in Shields
 17144 | Lair:5   | Reached XP level 14. HP: 129/129 MP: 13/13
 17650 | Lair:5   | Found a staircase to the Slime Pits.
 17903 | Lair:5   | Noticed Qeimiotua's ghost (journeyman MiFi)
 17913 | Lair:5   | Found a runed translucent gate.
 17913 | Lair:5   | Found a runed translucent gate.
 17913 | Lair:5   | Found a runed translucent gate.
 18064 | Lair:5   | Reached ****** piety under Trog
 18170 | Lair:5   | Reached skill level 18 in Axes
 18833 | Orc:1    | Entered Level 1 of the Orcish Mines
 18942 | Orc:1    | Received a gift from Trog
 19211 | Orc:1    | Noticed Fannar
 19227 | Orc:1    | Killed Fannar
 19893 | Orc:2    | Entered Level 2 of the Orcish Mines
 19893 | Orc:2    | Found a staircase to the Elven Halls.
 19920 | Orc:2    | Found Zyboiw's Magic Scroll Emporium.
 19978 | Orc:2    | Paralysed by something for 5 turns
 20038 | Orc:2    | Received a gift from Trog
 20055 | Orc:2    | Found Xuomodwo's Jewellery Emporium.
 20056 | Orc:2    | Found Cuneal's Book Boutique.
 20058 | Orc:2    | Bought a scroll of enchant weapon for 90 gold pieces
 20058 | Orc:2    | Bought a scroll of summoning for 114 gold pieces
 20058 | Orc:2    | Bought a scroll of fear for 48 gold pieces
 20069 | Orc:2    | Found Kuzam's Magic Scroll Shoppe.
 20104 | Orc:2    | Found a transporter.
 20110 | Orc:2    | Reached XP level 15. HP: 109/138 MP: 14/14
 20156 | Orc:2    | Found a transporter.
 20156 | Orc:2    | Noticed babelphish's ghost (adept MiBe)
 20180 | Orc:2    | Bought a scroll of revelation for 97 gold pieces
 20180 | Orc:2    | Bought a scroll of torment for 123 gold pieces
 20180 | Orc:2    | Bought a scroll of vulnerability for 52 gold pieces
 20180 | Orc:2    | Bought a scroll of identify for 26 gold pieces
 20213 | Orc:2    | Found Goet's Jewellery Emporium.
 20389 | Orc:2    | Noticed Donald
 20410 | Orc:2    | Mangled by Donald

Illustrated notes

Levels and vault maps discovered:
D:1:      dpeg_arrival_refuge, layout_basic, st_stairs_8
D:2:      minmay_alternating_diamond, layout_basic,
          hellmonk_ecumenical_altar_lost_god, minmay_misc_feat_tiny,
          nicolae_shop_unique_rings, corexii_item_surrounded_by_moat,
          st_stairs_4
D:3:      layout_loops_cross, eat_drink_and_be_merry_uskayaw
D:4:      layout_cave_pods, minmay_temple_entry_wispy, uniq_crazy_yiuf_cottage,
          uniq_edmund
D:5:      layout_rooms, grunt_dithmenos_smoke, serial_shops, shop,
          nicolae_underground_beach
D:6:      layout_cave_pools, uniq_blork_the_orc, uniq_menkaure
D:7:      mumra_celtic_spiral_tile, layout_gridville, st_stairs_14, uniq_joseph
D:8:      layout_loops_ring, serial_shops, nicolae_book_shop_shelving,
          minmay_crystal_room, nicolae_elevator_lobby_asterisk, uniq_psyche
D:9:      nicolae_moon_pools, layout_long_grid, ebering_ghost_gozag,
          kennysheep_generic_room_7
D:10:     layout_loops_corners, grunt_temple_overflow_forces_of_nature,
          jmf_multi_god_temple, nicolae_gozag_zags_fifth_avenue
D:11:     layout_irregular_city, worldfamousw_hep_ancestral_shrine, uniq_grum
D:12:     layout_irregular_city, uniq_nergalle
D:13:     nzn_winding_woodlands_three_and_one [nzn_winding_woodlands_5x15_eye,
          nzn_winding_woodlands_5x15_jagged,
          nzn_winding_woodlands_5x15_sawtooth,
          nzn_winding_woodlands_center_pierced_h], layout_basic, enter_trove_5,
          nicolae_lava_and_water, uniq_sonja
Temple:   minmay_freezing_vapour_temple
Lair:1:   layout_chaotic_city, nicolae_lair_grove_arrangements,
          beast_lair_carwin_3
Lair:2:   gammafunk_indiana_jones, layout_layer_cave, minmay_swamp_entry_eels,
          minmay_snake_entry_six_corridors, minivault_24,
          grunt_forest_small_clearings, chequers_serial_rivers_micro_c
Lair:3:   layout_gridlike
Lair:4:   layout_cave_pods, basic_altar, chequers_serial_rivers_micro_c,
          uniq_nessos
Lair:5:   minmay_lair_end_enchanted_forest, layout_big_grid,
          minmay_slime_entry_oklob_open, maelrawn_ghost_gauntlet_escape,
          st_stairs_10, nicolae_lair_lil_pond, wad_woods_road_02
Orc:1:    layout_diamond_mine, minmay_orc_temple_a, uniq_fannar
Orc:2:    st_orc_open, layout_caves, serial_shops, shop_fountains,
          gammafunk_ghost_arena, kennysheep_orc_chapel, uniq_donald

Skill      XL: |  1  2  3  4  5  6  7  8  9 10 11 12 13 14 |
---------------+-------------------------------------------+-----
Axes           | 4 5 6 8 9 11 14 16 17 18 | 18.0
Fighting       | 5 8 10 11 13 14 | 14.3
Armour         | 4 7 9 11 12 13 | 13.9
Dodging        | 3 7 8 10 11 12 | 12.8
Shields        | 5 8 10 12 | 12.7

Action                     |  1- 3 |  4- 6 |  7- 9 | 10-12 | 13-15 || total
---------------------------+-------+-------+-------+-------+-------++-------
  Melee: Hand axe          |    57 |   129 |       |       |       ||   186
         Headbutt          |    10 |    21 |    36 |    97 |   175 ||   339
         War axe           |       |    14 |   154 |   350 |   447 ||   965
         Punch             |       |       |     2 |     2 |       ||     4
         Broad axe         |       |       |       |    95 |   342 ||   437
         Unarmed           |       |       |       |       |    15 ||    15
  Throw: Javelin           |       |       |     5 |       |       ||     5
         Throwing net      |       |       |     1 |     2 |       ||     3
         Dart              |       |       |       |    20 |       ||    20
 Invoke: Berserk           |       |     3 |     3 |     5 |     3 ||    14
         Trog's Hand       |       |       |     2 |     2 |     2 ||     6
         Brothers in Arms  |       |       |       |       |     1 ||     1
  Evoke: Wand              |       |       |     2 |     3 |       ||     5
    Use: Scroll            |       |       |       |       |    19 ||    19
   Stab: Sleeping          |     1 |       |       |       |       ||     1
         Petrified         |       |       |       |     2 |       ||     2
         Petrifying        |       |       |       |     1 |       ||     1
         Confused          |       |       |       |       |     2 ||     2
 Armour: Animal skin       |    26 |    61 |       |       |       ||    87
         Ring mail         |       |     7 |   116 |   213 |       ||   336
         Robe              |       |       |    14 |       |       ||    14
         Plate armour      |       |       |       |    94 |   487 ||   581
         Skin              |       |       |       |       |     3 ||     3
  Dodge: Dodged            |    34 |    87 |    78 |   208 |   413 ||   820
  Block: Kite shield       |       |       |       |   141 |   205 ||   346
         Buckler           |       |       |       |       |   123 ||   123
